 Dungeon Crawl Stone Soup version 0.20.1-1-g8b1a95d (webtiles) character file.

3920 Agrougrou the Cleaver (level 10, 72/79 HPs)
             Began as a Demonspawn Monk on July 19, 2017.
             Was an Elder of Okawaru.
             Quit the game on level 8 of the Dungeon.
             The game lasted 00:36:02 (9595 turns).

Agrougrou the Cleaver (Demonspawn Monk)             Turns: 9595, Time: 00:36:03

Health: 72/79      AC: 17    Str: 15    XL:     10   Next: 1%
Magic:  10/10      EV: 12    Int: 12    God:    Okawaru [****..]
Gold:   528        SH:  0    Dex: 15    Spells: 5/9 levels left

rFire    + . .     SeeInvis .   O - +4 war axe
rCold    . . .     Gourm    .   (no shield)
rNeg     . . .     Faith    .   B - +1 scale mail {rF+}
rPois    .         Spirit   .   (helmet restricted)
rElec    .         Reflect  .   (no cloak)
rCorr    .         Harm     .   j - +0 pair of gloves
MR       .....                  G - +0 pair of boots
Stlth    ..........             (no amulet)
Regen    0.3/turn               H - ring of loudness (curse)
MPRegen  0.2/turn               o - +3 ring of protection

@: no status effects
A: antennae 1, talons 1, molten scales 2, demonic guardian 1, sense surroundings
1, spiny 1
a: Heroism, Renounce Religion


You were on level 8 of the Dungeon.
You worshipped Okawaru.
Okawaru was greatly pleased with you.
You were not hungry.

You visited 2 branches of the dungeon, and saw 9 of its levels.

You collected 528 gold pieces.

Inventory:

Hand Weapons
 I - a +0 hand axe of freezing
 L - a +1 hand axe of chopping
 O - a +4 war axe (weapon)
Missiles
 p - 8 tomahawks (quivered)
Armour
 j - a +0 pair of gloves (worn)
 t - a +0 plate armour
 B - a +1 scale mail of fire resistance (worn)
 G - a +0 pair of boots (worn)
Jewellery
 e - an uncursed ring of ice
 l - an uncursed ring of flight
 o - a +3 ring of protection (right hand)
 x - an uncursed ring of protection from magic
 H - a cursed ring of loudness (left hand)
Wands
 k - a wand of paralysis (13/24)
 E - a wand of confusion (4/48)
 F - a wand of lightning (7/15)
 J - a wand of digging (14/24)
 N - a wand of iceblast (5/15)
Scrolls
 d - 2 scrolls of remove curse
 f - a scroll of recharging {unknown}
 g - 2 scrolls of fog {unknown}
 h - 2 scrolls of random uselessness {unknown}
 i - 4 scrolls of teleportation
 n - 3 scrolls of immolation
 q - a scroll of fear {unknown}
 v - 2 scrolls of magic mapping {unknown}
 y - 3 scrolls of amnesia
 D - a scroll of enchant weapon {unknown}
 K - a scroll of blinking {unknown}
Potions
 a - a potion of mutation
 r - 2 potions of brilliance
 s - 2 potions of might
 u - 3 potions of curing
 w - a potion of agility
 z - a potion of resistance
 M - a potion of flight {unknown}
Books
 P - a book of Necromancy

   Spells                             Type                      Level
   a - Pain                           Necromancy                   1
   b - Animate Skeleton               Necromancy                   1
   c - Vampiric Draining              Necromancy                   3
   d - Regeneration                   Charms/Necromancy            3
   e - Animate Dead                   Necromancy                   4
   f - Control Undead                 Necromancy                   4
Comestibles
 b - 4 fruits
 c - 16 bread rations
 m - 6 meat rations
 A - 3 chunks of flesh
 C - 3 royal jellies


   Skills:
 + Level 7.0 Fighting
 + Level 9.0 Axes
 + Level 7.1 Armour
 + Level 4.7 Dodging
 - Level 1.7 Stealth
 + Level 0.4 Evocations


You had 5 spell levels left.
You knew the following spells:

 Your Spells              Type           Power        Failure   Level  Hunger
a - Animate Dead          Necr           N/A          100%        4    #####..


Dungeon Overview and Level Annotations

Branches:
Dungeon (8/15)             Temple (1/1) D:7
   Lair: D:8-11

Altars:
Ashenzari
Cheibriados
Dithmenos
Elyvilon
Fedhas
Gozag
Hepliaklqana
Kikubaaqudgha
Makhleb
Nemelex Xobeh
Okawaru
Qazlal
Ru
Sif Muna
Trog
Uskayaw
Vehumet
Xom
Yredelemnul
Zin
The Shining One

Shops:
D:7 %

Annotations:
D:4 Sigmund


Innate Abilities, Weirdness & Mutations

You have a pair of small antennae on your head.
You are mostly covered in molten scales. (AC +3)
A weak demonic guardian rushes to your aid.
You are partially covered in sharp spines.
You have sharp toenails.
You passively map a small area around you.


Message History

Your quasit claws the hippogriff but does no damage.
Your quasit closely misses the hippogriff.
Your quasit claws the hippogriff but does no damage.
Your quasit claws the hippogriff.
The hippogriff barely misses your quasit.
The hippogriff pecks your quasit!
Your quasit dies!
The hippogriff screeches!
Unknown command.
Unknown command.
You slash the hippogriff!
You kill the hippogriff!
Okawaru accepts your kill.
Your Fighting skill increases to level 7!
Your Axes skill increases to level 9!
You have reached level 10!
Your demonic ancestry asserts itself...
Sharp spines emerge from parts of your body.
Unknown command.
Are you sure you want to abandon this character and quit the game? (Confirm with "yes".)

........#####.######.............
................####(............
........#####.#.(..(.............
........# #.#..................
........# ##..#..(..............
........# #.(..................#
........# #.....................
.......# #...<5...).........)..
......######....@................
..##...................###...##..
.....#######...........###[..###.
..########...........[....#..###.
...>.......##.###....####.)......
..####...####.# #.##.####.#..##..
..##.......#..###.##......#...#..
..##.#####.#.###..###...####.....
#....# ##........(..............


You could see a friendly quasit.

Vanquished Creatures
  A two-headed ogre (D:8)
  A hippogriff (D:8)
  A spriggan (D:8)
  A hungry ghost (D:7)
  3 orc warriors
  2 ice beasts
  2 black bears (D:7)
  An ogre (D:4)
  A centaur (D:5)
  2 bullfrogs (D:7)
  3 scorpions
  4 killer bees (D:7)
  4 wights (D:6)
  A crimson imp (D:7)
  A bullfrog zombie (D:5)
  A jelly (D:4)
  2 orc wizards
  A bullfrog skeleton (D:7)
  A centaur skeleton (D:6)
  10 orc priests
  4 hounds
  Ijyb (D:4)
  4 iguanas
  9 worker ants
  A worker ant zombie (D:7)
  A gnoll (D:1)
  A howler monkey skeleton (D:4)
  8 adders
  4 shadow imps
  An ooze (D:2)
  3 worms
  3 dart slugs
  4 leopard geckos
  31 orcs
  13 bats
  3 giant cockroaches
  7 goblins
  3 hobgoblins
  8 jackals
  A quokka (D:4)
  A ball python (D:2)
  A ball python skeleton (D:4)
  9 frilled lizards
  A jackal zombie (D:6)
  14 kobolds
  A leopard gecko skeleton (D:8)
  A quokka zombie (D:5)
  7 rats
188 creatures vanquished.

Vanquished Creatures (collateral kills)
  Grinder (D:4)
  A hungry ghost (D:7)
  A sky beast (D:7)
  A phantom (D:3)
  An ogre (D:5)
  A big kobold (D:4)
  2 bullfrogs
  A bullfrog zombie (D:5)
  An orc priest (D:7)
  A hound (D:3)
  An orc wizard (D:8)
  A worker ant (D:7)
  3 adders
  An adder skeleton (D:8)
  A leopard gecko (D:4)
  4 orcs
  A jackal (D:6)
  3 kobolds (D:4)
  A jackal skeleton (D:4)
27 creatures vanquished.

Vanquished Creatures (others)
  A plant (D:4)
1 creature vanquished.

Grand Total: 216 creatures vanquished

Notes
Turn   | Place    | Note
-------+----------+-------------------------------------------
     0 | D:1      | Agrougrou the Demonspawn Monk began the quest for the Orb.
     0 | D:1      | Reached XP level 1. HP: 18/18 MP: 1/1
   234 | D:1      | Gained mutation: You are partially covered in molten scales. (AC +2) [demonic ancestry]
   234 | D:1      | Reached XP level 2. HP: 20/24 MP: 2/2
   291 | D:1      | Reached skill level 3 in Axes
   730 | D:1      | Gained mutation: A weak demonic guardian rushes to your aid. [demonic ancestry]
   730 | D:1      | Reached XP level 3. HP: 29/29 MP: 3/3
  1319 | D:2      | Reached skill level 1 in Armour
  1319 | D:2      | Gained mutation: You have a pair of small antennae on your head. [demonic ancestry]
  1319 | D:2      | Reached XP level 4. HP: 35/35 MP: 4/4
  1664 | D:3      | Noticed a phantom
  1775 | D:3      | Killed a phantom
  1775 | D:3      | Reached skill level 4 in Axes
  1775 | D:3      | Reached XP level 5. HP: 39/42 MP: 5/5
  2264 | D:3      | Found a burning altar of Makhleb.
  2713 | D:4      | Reached XP level 6. HP: 47/48 MP: 6/6
  2763 | D:4      | Noticed Grinder
  2765 | D:4      | Paralysed by Grinder for 5 turns
  2790 | D:4      | Paralysed by Grinder for 7 turns
  2794 | D:4      | Killed Grinder
  2794 | D:4      | Reached skill level 5 in Axes
  3325 | D:4      | Reached XP level 7. HP: 55/55 MP: 7/7
  3939 | D:4      | Noticed Ijyb
  3963 | D:4      | Killed Ijyb
  4049 | D:4      | Noticed Sigmund
  4092 | D:5      | Entered Level 5 of the Dungeon
  4217 | D:5      | Reached skill level 6 in Axes
  4322 | D:5      | Reached skill level 5 in Fighting
  4454 | D:5      | Gained mutation: You are mostly covered in molten scales. (AC +3) [demonic ancestry]
  4454 | D:5      | Reached XP level 8. HP: 62/62 MP: 8/8
  5809 | D:6      | Reached skill level 7 in Axes
  6830 | D:6      | Reached skill level 5 in Armour
  7306 | D:7      | Found a staircase to the Ecumenical Temple.
  7320 | Temple   | Entered the Ecumenical Temple
  7432 | Temple   | Became a worshipper of Warmaster Okawaru
  7432 | Temple   | Reached * piety under Okawaru
  7432 | Temple   | Reached ** piety under Okawaru
  7461 | D:7      | Reached XP level 9. HP: 66/69 MP: 9/9
  7573 | D:7      | Gained mutation: You passively map a small area around you. [mutagenic meat]
  7574 | D:7      | Gained mutation: You have sharp toenails. [mutagenic meat]
  7575 | D:7      | Gained mutation: You expend magic power (3 MP) to strengthen your wands. [mutagenic meat]
  7576 | D:7      | Lost mutation: You expend magic power (3 MP) to strengthen your wands. [mutagenic meat]
  7864 | D:7      | Reached skill level 8 in Axes
  8123 | D:7      | Found Huopreb's Food Shop.
  8319 | D:7      | Reached *** piety under Okawaru
  9280 | D:8      | Noticed a two-headed ogre
  9321 | D:8      | Killed a two-headed ogre
  9321 | D:8      | Reached **** piety under Okawaru
  9473 | D:8      | Learned a level 4 spell: Animate Dead
  9594 | D:8      | Reached skill level 9 in Axes
  9594 | D:8      | Gained mutation: You are partially covered in sharp spines. [demonic ancestry]
  9594 | D:8      | Reached XP level 10. HP: 71/79 MP: 10/10
  9595 | D:8      | Quit the game

Skill      XL: |  1  2  3  4  5  6  7  8  9 |
---------------+----------------------------+-----
Dodging        | 3 4 |  4.7
Axes           | 3 4 5 6 7 9 |  9.0
Armour         | 1 2 3 5 7 |  7.1
Fighting       | 4 5 7 |  7.0
Stealth        | |  1.7
Evocations     | |  0.4

Action                   |  1- 3 |  4- 6 |  7- 9 | 10-12 || total
-------------------------+-------+-------+-------+-------++-------
Melee: Hand axe          |   152 |   210 |   611 |       ||   973
       War axe           |       |       |    84 |       ||    84
Throw: Tomahawk          |       |    19 |    91 |       ||   110
Evoke: Wand              |       |       |     3 |       ||     3
  Use: Scroll            |       |       |     9 |       ||     9
       Potion            |       |       |     8 |       ||     8
 Stab: Sleeping          |     1 |       |       |       ||     1
       Distracted        |       |       |     1 |       ||     1
  Eat: Chunk             |     2 |     7 |    27 |       ||    36
       Fruit             |       |       |     3 |       ||     3
       Royal jelly       |       |       |     2 |       ||     2
Armor: Robe              |    15 |       |       |       ||    15
       Scale mail        |    50 |   108 |    86 |       ||   244
       Chain mail        |       |       |   126 |       ||   126
       Plate armour      |       |       |   275 |       ||   275
Dodge: Dodged            |   116 |    99 |   292 |       ||   507
